[Event "Team 45 45 League T58"]
[Site "Internet Chess Club"]
[Date "2013.09.29"]
[Round "6"]
[White "nanning"]
[Black "Tamarin"]
[Result "1/2-1/2"]
[WhiteElo "1652"]
[BlackElo "1904"]
[Opening "Réti: King's Indian attack (Barcza system)"]
[ECO "A07"]
[Time "03:30:41"]
[TimeControl "2700+45"]

1. Nf3 d5 2. g3 Nf6 3. Bg2 Bg4 4. d3 Nc6 5. Nbd2 e5 6. e4 dxe4 7. dxe4 Bc5 8.
O-O O-O 9. a3 a5 10. Qe1 Qe7 11. h3 Bh5 12. c3 Bg6 13. Nh4 Rfd8 14. Nxg6 hxg6
15. Nc4 b5 16. Ne3 Qd6 17. Nd5 Nxd5 18. exd5 Ne7 19. Qe2 Rab8 20. Rd1 c6 21. b4
Bb6 22. Re1 Bc7 23. dxc6 Nxc6 24. Bb2 axb4 25. Rad1 Qe6 26. Rxd8+ Nxd8 27. cxb4
f6 28. Qd3 Kh7 29. Kh2 Nf7 30. Bd5 Qd7 31. Re4 Qe8 32. Qb3 Nh6 33. f4 f5 34. Re1
e4 35. Rc1 Qe7 36. Qc3 Bb6 37. Qc6 Bd8 38. Be5 Rb6 39. Qc5 Qd7 40. Rd1 Nf7 41.
Bxf7 Qxd1 42. Qf8 Qe2+ 43. Kg1 Qe1+ 44. Kg2 Qe2+ 45. Kg1 Qe1+ 46. Kg2 {Game
drawn by mutual agreement} 1/2-1/2

[Event "Team 45 45 League T58"]
[Site "Internet Chess Club"]
[Date "2013.10.03"]
[Round "6"]
[White "az2112"]
[Black "Hal2001"]
[Result "1/2-1/2"]
[WhiteElo "1639"]
[BlackElo "1559"]
[Opening "Robatsch (modern) defense"]
[ECO "B06"]
[Time "21:05:06"]
[TimeControl "2700+45"]

1. e4 g6 2. d4 Bg7 3. Nf3 c5 4. c3 cxd4 5. cxd4 d5 6. e5 Bg4 7. h3 Bxf3 8. Qxf3
e6 9. Bb5+ Nc6 10. O-O Ne7 11. Bg5 O-O 12. Rd1 Qb6 13. Bxc6 Nxc6 14. Qc3 Rac8
15. Qd2 f6 16. exf6 Bxf6 17. Bxf6 Rxf6 18. Nc3 Rcf8 19. Na4 Qb4 20. Nc5 R8f7 21.
a3 Qxd2 22. Rxd2 b6 23. Nb3 Re7 24. Rc1 e5 25. dxe5 Rxe5 26. Nd4 Nxd4 27. Rxd4
Re2 28. f3 Rxb2 29. Rxd5 Rf7 30. Rcd1 Ra2 31. R5d3 Re7 32. R1d2 Rxd2 {Game drawn
by mutual agreement} 1/2-1/2

[Event "Team 45 45 League T58"]
[Site "Internet Chess Club"]
[Date "2013.09.29"]
[Round "6"]
[White "TerryMalloy"]
[Black "Goli"]
[Result "1-0"]
[WhiteElo "2052"]
[BlackElo "1741"]
[Opening "Robatsch (modern) defense"]
[ECO "B06"]
[Time "17:01:08"]
[TimeControl "2700+45"]

1. e4 g6 2. d4 Bg7 3. Nc3 d6 4. Be3 Nf6 5. Qd2 O-O 6. f3 Nc6 7. O-O-O e5 8. Nge2
exd4 9. Nxd4 Ne5 10. Bh6 a6 11. h4 b5 12. h5 c5 13. Bxg7 Kxg7 14. hxg6 cxd4 15.
Qh6+ Kg8 16. Nd5 Ned7 17. g7 Re8 18. g4 {Black resigns} 1-0

[Event "Team 45 45 League T58"]
[Site "Internet Chess Club"]
[Date "2013.09.29"]
[Round "6"]
[White "Packerfan"]
[Black "Ayensa80"]
[Result "0-1"]
[WhiteElo "1695"]
[BlackElo "1802"]
[Opening "French: Winawer, advance, Bogolyubov variation"]
[ECO "C17"]
[Time "14:30:47"]
[TimeControl "2700+45"]

1. e4 e6 2. d4 d5 3. Nc3 Bb4 4. e5 c5 5. Bd2 Ne7 6. f4 Nf5 7. Nf3 cxd4 8. Nb5
Bc5 9. Bd3 Nc6 10. a3 a6 11. Bxf5 exf5 12. b4 axb5 13. bxc5 O-O 14. O-O f6 15.
Bb4 fxe5 16. Nxe5 Re8 17. Re1 Bd7 18. Qf3 Be6 19. Rad1 Qc7 20. Rd2 Re7 21. Rde2
Rae8 22. Qd3 Bd7 23. Nxd7 Qxd7 24. Qxb5 Rxe2 25. Rxe2 Re4 26. Bd2 Qe7 27. Rxe4
dxe4 28. g3 Kf7 29. a4 Qd7 30. a5 h6 31. Qb3+ Kf6 32. Kf1 Qf7 33. Qb5 Qh5 34.
Qxb7 Qf3+ 35. Ke1 e3 36. Bb4 Qf2+ 37. Kd1 e2+ 38. Kc1 Nxb4 39. Qb6+ Kf7 40. Qc7+
Kg6 {White resigns} 0-1

[Event "Team 45 45 League T58"]
[Site "Internet Chess Club"]
[Date "2013.09.28"]
[Round "6"]
[White "Duguesclin"]
[Black "bondguy01"]
[Result "0-1"]
[WhiteElo "1731"]
[BlackElo "1741"]
[Opening "King's Indian: Four pawns attack, dynamic line"]
[ECO "E76"]
[Time "13:00:26"]
[TimeControl "2700+45"]

1. d4 Nf6 2. c4 g6 3. Nc3 d6 4. e4 Bg7 5. f4 O-O 6. Nf3 c5 7. d5 e6 8. Bd3 exd5
9. cxd5 Bg4 10. O-O Nbd7 11. h3 Bxf3 12. Qxf3 a6 13. a4 Re8 14. Bd2 Qb6 15. Rf2
Rac8 16. Be3 Qc7 17. Bc4 Nb6 18. Bd3 c4 19. Bc2 Nbd7 20. Bd4 Nxe4 21. Bxg7 Nxf2
22. Bd4 Nd3 23. Bxd3 cxd3 24. Qxd3 Qc4 25. Qd2 Nc5 26. Qf2 f5 27. Bf6 Nd3 28.
Qh4 Qxf4 29. Qxf4 Nxf4 30. a5 Ne2+ 31. Nxe2 Rxe2 32. Rd1 Rcc2 33. g4 fxg4 34.
hxg4 Rg2+ 35. Kh1 Rxg4 36. Bc3 Rf2 37. Rd2 Rxd2 {White resigns} 0-1